 Dungeon Crawl Stone Soup version 0.20-a0-517-g5f97612 (webtiles) character file.

7 Ijustatesigmund the Magician (level 1, 0/9 HPs)
             Began as a Spriggan Venom Mage on Jan 24, 2017.
             Slain by a kobold
             ... wielding a +0 club
              (2 damage)
             ... on level 1 of the Dungeon.
             The game lasted 00:04:22 (588 turns).

Ijustatesigmund the Magician (Spriggan Venom Mage)   Turns: 588, Time: 00:04:22

Health: 0/9        AC:  2    Str:  4    XL:     1   Next: 83%
Magic:  1/5        EV: 18    Int: 16    God:
Gold:   22         SH:  0    Dex: 16    Spells: 5/6 levels left

rFire    . . .     SeeInvis +   (weapon restricted)
rCold    . . .     Gourm    .   a - +0 robe
rNeg     . . .     Faith    .   (shield restricted)
rPois    .         Spirit   .   (helmet restricted)
rElec    .         Reflect  .   (no cloak)
rCorr    .         Harm     .   (gloves unavailable)
MR       .....                  (boots unavailable)
Stlth    ++........             (no amulet)
Regen    0.1/turn               (no ring)
                                (no ring)

@: very quick
A: unfitting armour, see invisible, herbivore 3, speed 3, slow metabolism 2
a: no special abilities


You were on level 1 of the Dungeon.
You were not hungry.

You visited 1 branch of the dungeon, and saw 3 of its levels.

You collected 22 gold pieces.

Inventory:

Armour
 a - a +0 robe (worn)
Scrolls
 d - a scroll of immolation {unknown}
 h - a scroll of teleportation {unknown}
Potions
 e - a potion of resistance {unknown}
 g - a potion of cancellation {unknown}
 i - a potion of lignification {unknown}
 j - a potion of might {unknown}
 k - a potion of heal wounds {unknown}
Books
 b - a Young Poisoner's Handbook

   Spells                             Type                      Level
   a - Sting                          Conjuration/Poison           1
   b - Poisonous Vapours              Poison/Air                   2
   c - Mephitic Cloud                 Conjuration/Poison/Air       3
   d - Olgreb's Toxic Radiance        Poison                       4
   e - Venom Bolt                     Conjuration/Poison           5
Comestibles
 c - a bread ration
 f - a royal jelly


   Skills:
 - Level 3.0 Dodging
 - Level 3.0 Stealth
 + Level 3.4 Spellcasting
 - Level 0.6 Conjurations
 - Level 3.0 Poison Magic


You had 5 spell levels left.
You knew the following spells:

 Your Spells              Type           Power        Failure   Level  Hunger
a - Sting                 Conj/Pois      #...         10%         1    None


Dungeon Overview and Level Annotations

Branches:
Dungeon (3/15)

Altars:

Annotations:
D:2 Ijyb, Jessica


Innate Abilities, Weirdness & Mutations

You are very small and have problems with some larger weapons.
You are too small for most types of armour.
You have supernaturally acute eyesight. (SInv)
You are a herbivore.
You cover ground extremely quickly.
You need consume almost no food.


Message History

Okay, then.
You hit the frilled lizard but do no damage.
The frilled lizard barely misses you. The kobold hits you with a club.
* * * LOW HITPOINT WARNING * * *
You closely miss the frilled lizard.
The frilled lizard completely misses you.
You completely miss the frilled lizard. The kobold completely misses you.
The frilled lizard barely misses you.
You hit the frilled lizard but do no damage.
The kobold completely misses you.
The frilled lizard completely misses you.
You closely miss the frilled lizard. The kobold completely misses you.
The frilled lizard misses you.
You hit the frilled lizard.
The frilled lizard is heavily wounded.
The kobold misses you. The frilled lizard misses you.
You hit the frilled lizard.
You kill the frilled lizard!
The kobold hits you with a club.
You die...

......#
......#
......# ###
###'#######
..
#.g.K...#
..
#######.#
.# #.# .#
#.#######(#
#.....gK@.#
###########


You could see a hobgoblin and a kobold.

Vanquished Creatures
  2 bats (D:1)
  A hobgoblin (D:1)
  A jackal (D:1)
  A frilled lizard (D:1)
  A rat (D:1)
6 creatures vanquished.

Notes
Turn   | Place    | Note
-------+----------+-------------------------------------------
     0 | D:1      | Ijustatesigmund the Spriggan Venom Mage began the quest for the Orb.
     0 | D:1      | Reached XP level 1. HP: 9/9 MP: 5/5
   174 | D:2      | Noticed Jessica
   539 | D:2      | Noticed Ijyb
   588 | D:1      | Slain by a kobold

Vault maps used:
D:1:      roderic_octagonal_star, hangedman_decor_points
D:2:      kennysheep_the_goblin_king, nemelex_spade_bored_becter, uniq_jessica,
          uniq_iyjb, uniq_natasha

Skill      XL: |  1 |
---------------+----+-----
Spellcasting   | 3 |  3.4
Dodging        | |  3.0
Stealth        | |  3.0
Conjurations   | |  0.6
Poison Magic   | |  3.0

Action                   || total
-------------------------++-------
Melee: Unarmed           ||    11
 Cast: Sting             ||    18
Armor: Robe              ||     6
Dodge: Dodged            ||    69
